 Dungeon Crawl Stone Soup version 0.31-a0-1-g4198be8af4 (webtiles) character file.

Game seed: 3455590212676551871

3367 Ahpoh the Slasher (level 10, -1/56 HPs)
             Began as a Vine Stalker Fighter on May 1, 2023.
             Was a High Priest of Uskayaw.
             Slain by a centaur warrior (3 damage)
             ... created by the fury of Okawaru
             ... on level 8 of the Dungeon.
             The game lasted 00:25:58 (6220 turns).

Ahpoh the Slasher (Vine Stalker Fighter)            Turns: 6220, Time: 00:25:59

Health: -1/56      AC:  9    Str: 23    XL:     10   Next: 3%
Magic:  0/11       EV: 11    Int:  7    God:    Uskayaw [*****.]
Gold:   346        SH:  7    Dex: 20    Spells: 9/9 levels left

rFire   . . .        D - +2 long sword (freeze)
rCold   . . .        A - +1 buckler "Boduts" {Will+ Dex+3}
rNeg    + . .        b - +0 scale mail
rPois   .            (no helmet)
rElec   .            u - +0 cloak
rCorr   .            (no gloves)
SInv    +            (no boots)
Will    ++...        e - amulet of magic regeneration
Stlth   ++           f - ring of positive energy
HPRegen 1.09/turn    w - ring of see invisible
MPRegen 0.52/turn

%: guardian spirit
@: mighty, invisible (expiring)
A: fangs 3, regeneration 1, magic shield, antimagic bite, no potion heal 2,
passive freeze, robust 1, strong 1, subdued magic 1
a: Renounce Religion, Stomp, Line Pass, Grand Finale


You were on level 8 of the Dungeon.
You worshipped Uskayaw.
Uskayaw was noncommittal.
You visited 2 branches of the dungeon, and saw 9 of its levels.

You collected 346 gold pieces.

Inventory:

Hand Weapons
 a - a +5 great sword
 C - a +2 spear of venom
 D - a +2 long sword of freezing (weapon)
Armour
 b - a +0 scale mail (worn)
 c - a +0 buckler
 u - a +0 cloak (worn)
 A - the +1 buckler "Boduts" (worn) {Will+ Dex+3}
   (You found it on level 7 of the Dungeon)

   Dex:       It affects your dexterity (+3).
   Will:      It increases your willpower.
Jewellery
 e - an amulet of magic regeneration (around neck)
 f - a ring of positive energy (left hand)
 i - an amulet of the acrobat
 n - a ring of willpower
 q - a +6 ring of intelligence
 v - a ring of ice
 w - a ring of see invisible (right hand)
 H - an amulet of reflection
Wands
 t - a wand of flame (12)
 z - a wand of digging (6)
 B - a wand of mindburst (7)
 F - a wand of charming (11)
Scrolls
 h - a scroll of brand weapon
 j - a scroll of fog
 m - 3 scrolls of teleportation
 o - 2 scrolls of identify
 p - a scroll of noise
 s - 4 scrolls of blinking
 y - a scroll of vulnerability
 E - a scroll of enchant armour {unknown}
Potions
 g - 3 potions of curing
 k - 2 potions of magic
 l - a potion of invisibility
 r - a potion of heal wounds {unknown}
 x - a potion of attraction {unknown}
 G - a potion of brilliance {unknown}


   Skills:
 + Level 5.4 Fighting
 + Level 7.5 Long Blades
 + Level 6.4 Armour
 + Level 2.7 Dodging
 + Level 4.7 Stealth
 + Level 4.7 Shields
 + Level 0.2 Invocations
 + Level 1.3 Evocations


You had 9 spell levels left.
You didn't know any spells.
Your spell library contained the following spells:

 Spells                   Type           Power      Damage    Failure   Level
 Slow                     Hex            0%         N/A       75%         1
 Ensorcelled Hibernation  Hex/Ice        0%         N/A       87%         2
 Passwall                 Tmut/Erth      0%         N/A       87%         2
 Sublimation of Blood     Necr           0%         N/A       87%         2
 Confusing Touch          Hex            0%         N/A       98%         3
 Spider Form              Tmut/Pois      0%         N/A       98%         3
 Swiftness                Air            0%         N/A       98%         3
 Vampiric Draining        Necr           0%         2d6       98%         3
 Anguish                  Hex/Necr       0%         N/A       100%        4
 Petrify                  Tmut/Erth      0%         N/A       100%        4
 Irradiate                Conj/Tmut      0%         3d11      100%        5


Dungeon Overview and Level Annotations

Branches:
Dungeon (8/15)             Temple (1/1) D:4
   Lair: D:8-11

Altars:
Ashenzari
Cheibriados
Dithmenos
Elyvilon
Fedhas
Gozag
Hepliaklqana
Kikubaaqudgha
Makhleb
Nemelex Xobeh
Okawaru
Qazlal
Ru
Sif Muna
Trog
Uskayaw
Vehumet
Wu Jian
Xom
Yredelemnul
Zin
The Shining One

Shops:
D:1 *


Innate Abilities, Weirdness & Mutations

You have razor-sharp teeth.
Your natural rate of healing is unusually fast.
When hurt, damage is shared between your health and your magic reserves.
Your bite disrupts and absorbs the magic of your enemies.
Potions cannot restore your health.
A frigid envelope surrounds you and freezes all who hurt you.
You are robust. (+10% HP)
Your muscles are strong. (Str +4, Int/Dex -1)
Your spells are a little easier to cast, but a little less powerful.


Message History

You catch the helpless deep elf archer completely off-guard!
You slice the deep elf archer!! You freeze the deep elf archer!
Your bite misses the deep elf archer.
The deep elf archer is severely wounded.
You flicker for a moment.
The centaur warrior shoots an arrow.
You block the arrow.
The deep elf archer hits you with a +0 short sword!
The deep elf archer is very cold.
The deep elf archer is severely wounded.
The centaur warrior shoots an arrow.
You block the arrow.
You closely miss the deep elf archer. Your bite misses the deep elf archer.
The deep elf archer is severely wounded.
The centaur warrior shoots an arrow.
The arrow hits you!!
* * * LOW HITPOINT WARNING * * *
The deep elf archer mumbles some strange words.
You barely miss the deep elf archer.
The deep elf archer is severely wounded.
The centaur warrior shoots an arrow.
You block the arrow.
The centaur warrior shoots an arrow.
The arrow hits you!
* * * LOW HITPOINT WARNING * * *
You block the deep elf archer's attack.
Uskayaw prepares the audience for your solo!
Okay, then.
The helpless deep elf archer fails to defend itself.
You slash the deep elf archer! You freeze the deep elf archer.
You kill the deep elf archer!
That felt strangely unrewarding.
The centaur warrior is no longer paralysed.
The centaur warrior unwields a +3 longbow.
The centaur warrior hits you.
* * * LOW HITPOINT WARNING * * *
The centaur warrior is very cold.
The centaur warrior is heavily wounded.
The centaur warrior kicks you but does no damage.
The centaur warrior is very cold.
The centaur warrior is severely wounded.
You slash the centaur warrior! You freeze the centaur warrior.
The centaur warrior is almost dead.
The centaur warrior barely misses you. The centaur warrior kicks you.
You die...

## #.. .# ## ##.
#.#######.# #.....
#.#...c.#.###
..##.##.#c###..e..#
......#.#@# #.c...#
#. #.....#.###e....#
#..#.....#.....e...#
........)..)....>..#
#.......)..#)....###
#.##..#.##.#)##..#
#. #.##.#)##..#
#..#.##)#)##..#
##..#.##.#)##..#


You could see a centaur warrior (unable to see you).

Vanquished Creatures
  2 deep elf knights (D:8)
  A deep elf archer (D:8)
  Sigmund (D:5)
  A wyvern (D:6)
  A steam dragon (D:8)
  Grum (D:8)
  3 water moccasins
  An orc warrior (D:8)
  An ice beast (D:7)
  A black bear (D:5)
  6 centaurs
  An ogre (D:6)
  4 wolves (D:8)
  2 bullfrogs
  5 scorpions
  9 wights
  2 jellies (D:6)
  2 hounds
  A gnoll bouda (D:7)
  2 orc priests
  2 iguanas
  3 orc wizards
  2 sleepcaps
  5 gnolls (D:7)
  5 adders
  4 worms
  A dart slug (D:3)
  13 orcs
  8 ball pythons
  3 endoplasms
  4 goblins
  8 hobgoblins
  6 jackals (D:2)
  2 quokkas
  6 bats
  A frilled lizard (D:2)
  4 kobolds
  4 rats
128 creatures vanquished.

Vanquished Creatures (others)
  A deep elf pyromancer (D:8)
  An orc priest (D:8)
  An orc (D:8)
3 creatures vanquished.

Grand Total: 131 creatures vanquished

Notes
Turn   | Place    | Note
-------+----------+-------------------------------------------
     0 | D:1      | Ahpoh the Vine Stalker Fighter began the quest for the Orb.
     0 | D:1      | Reached XP level 1. HP: 11/11 MP: 2/2
   112 | D:1      | Reached XP level 2. HP: 16/16 MP: 3/3
   128 | D:1      | Found Coskojits's Assorted Antiques.
   578 | D:2      | Reached skill level 2 in Long Blades
   587 | D:2      | Reached XP level 3. HP: 19/20 MP: 4/4
  1660 | D:3      | Gained mutation: Your natural rate of healing is unusually
                  | fast. [Vine Stalker growth]
  1660 | D:3      | Reached XP level 4. HP: 24/24 MP: 5/5
  1681 | D:3      | Found a faded altar of an unknown god.
  1718 | D:3      | Reached skill level 3 in Long Blades
  2187 | D:3      | Gained mutation: Your muscles are strong. (Str +4, Int/Dex
                  | -1) [potion of mutation]
  2187 | D:3      | Gained mutation: Your spells are a little easier to cast,
                  | but a little less powerful. [potion of mutation]
  2187 | D:3      | Gained mutation: You are robust. (+10% HP) [potion of
                  | mutation]
  2187 | D:3      | Gained mutation: A frigid envelope surrounds you and
                  | freezes all who hurt you. [potion of mutation]
  2320 | D:4      | Noticed a scorpion
  2325 | D:4      | Killed a scorpion
  2326 | D:4      | Reached XP level 5. HP: 28/30 MP: 6/6
  2364 | D:4      | Found a staircase to the Ecumenical Temple.
  2989 | D:5      | Entered Level 5 of the Dungeon
  3078 | D:4      | Reached XP level 6. HP: 30/35 MP: 7/7
  3092 | D:5      | Reached skill level 1 in Stealth
  3382 | D:5      | Noticed a black bear
  3388 | D:5      | Killed a black bear
  3389 | D:5      | Reached skill level 4 in Long Blades
  3389 | D:5      | Reached skill level 1 in Dodging
  3394 | D:5      | Reached XP level 7. HP: 39/40 MP: 8/8
  3508 | Temple   | Entered the Ecumenical Temple
  3822 | Temple   | Became a worshipper of Warmaster Okawaru
  4161 | D:5      | Noticed Sigmund
  4175 | D:5      | Killed Sigmund
  4371 | D:6      | Gained mutation: You have razor-sharp teeth. [Vine Stalker
                  | growth]
  4371 | D:6      | Reached XP level 8. HP: 41/46 MP: 9/9
  4404 | D:6      | Reached skill level 5 in Long Blades
  4404 | D:6      | Reached skill level 1 in Evocations
  4535 | D:6      | Reached * piety under Okawaru
  4587 | D:6      | Noticed a wyvern
  4592 | D:6      | Killed a wyvern
  4691 | D:6      | Reached skill level 5 in Armour
  4995 | D:7      | Reached skill level 6 in Long Blades
  5003 | D:7      | Found a burning altar of Makhleb.
  5007 | D:7      | Identified the +1 buckler "Boduts" {Will+ Dex+3}
  5014 | D:7      | Identified the +9 shortbow of Distraction {flame, rC+ Str+4
                  | Dex-5}
  5033 | D:7      | Reached XP level 9. HP: 49/50 MP: 8/10
  5088 | D:7      | Found a glowing silver altar of Zin.
  5349 | D:7      | Reached ** piety under Okawaru
  5447 | D:7      | Found an opulent altar of Gozag.
  5536 | D:7      | Reached skill level 5 in Fighting
  5614 | D:7      | Found a hide-covered altar of Uskayaw.
  5614 | D:7      | Found an ornate altar of the Wu Jian Council.
  5614 | D:7      | Found a hazy altar of Hepliaklqana.
  5620 | D:7      | Found a glowing golden altar of the Shining One.
  5621 | D:7      | Found a broken altar of Ashenzari.
  5623 | D:7      | Found a shadowy altar of Dithmenos.
  5633 | D:7      | Fell from the grace of Okawaru
  5635 | D:7      | Became a worshipper of Uskayaw the Reveller
  6013 | D:8      | Reached * piety under Uskayaw
  6014 | D:8      | Reached ** piety under Uskayaw
  6110 | D:8      | Noticed Grum
  6121 | D:8      | Killed Grum
  6122 | D:8      | Reached skill level 7 in Long Blades
  6122 | D:8      | Reached *** piety under Uskayaw
  6126 | D:8      | Reached **** piety under Uskayaw
  6131 | D:8      | Reached ***** piety under Uskayaw
  6138 | D:8      | Reached ****** piety under Uskayaw
  6155 | D:8      | Reached XP level 10. HP: 46/56 MP: 11/11
  6189 | D:8      | Noticed a centaur warrior
  6189 | D:8      | Noticed a deep elf knight
  6189 | D:8      | Noticed a deep elf knight
  6189 | D:8      | Noticed a deep elf pyromancer
  6189 | D:8      | Noticed a deep elf archer
  6197 | D:8      | Killed a deep elf knight
  6212 | D:8      | Killed a deep elf knight
  6213 | D:8      | Killed a deep elf pyromancer
  6219 | D:8      | Killed a deep elf archer
  6219 | D:8      | HP: 1/56 [centaur warrior[the fury of Okawaru] (3)]
  6220 | D:8      | Slain by a centaur warrior

Illustrated notes

Levels and vault maps discovered:
D:1:      dpeg_arrival_rhombus, layout_basic, serial_shops,
          nicolae_shop_statue_plus
D:2:      layout_basic
D:3:      layout_basic, nicolae_ecumenical_snake_handling,
          minmay_fractal_squares_gapless_5
D:4:      layout_basic, minmay_temple_entry_from_below_b
D:5:      layout_layer_cave, minmay_misc_feat_ornament, st_stairs_10,
          chequers_serial_rivers_micro_a, uniq_sigmund
D:6:      layout_cave_pools, minmay_tree_intersection, kennysheep_generic_room_3
D:7:      layout_rooms, pdpol_temple_overflow_zin_treasury_gozag_greed,
          mainiacjoe_overflow_six_doors_small, minitemple
D:8:      layout_basic, uniq_grum
Temple:   nicolae_temple_figure_eight

Skill      XL: |  1  2  3  4  5  6  7  8  9 |
---------------+----------------------------+-----
Shields        | 3 4 |  4.7
Fighting       | 3 4 5 |  5.4
Long Blades    | 2 3 4 6 7 |  7.5
Armour         | 3 4 5 6 |  6.4
Stealth        | 1 2 4 |  4.7
Dodging        | 1 2 |  2.7
Evocations     | 1 |  1.3
Invocations    | |  0.2

Action                     |  1- 3 |  4- 6 |  7- 9 | 10-12 || total
---------------------------+-------+-------+-------+-------++-------
  Melee: Long sword        |    87 |    61 |   130 |    17 ||   295
         Bite              |    18 |    15 |    45 |     2 ||    80
 Invoke: Heroism           |       |       |     1 |       ||     1
         Stomp             |       |       |     1 |       ||     1
         Renounce Religion |       |       |     1 |       ||     1
  Evoke: Wand              |       |     5 |     2 |       ||     7
    Use: Scroll            |     5 |     2 |     2 |       ||     9
         Potion            |     2 |     2 |     1 |     2 ||     7
   Stab: Invisible         |     1 |       |     1 |     3 ||     5
         Paralysed         |       |       |     1 |     2 ||     3
         Sleeping          |       |       |     1 |       ||     1
 Armour: Scale mail        |    45 |    51 |    45 |     1 ||   142
  Dodge: Dodged            |    29 |    51 |    72 |     4 ||   156
  Block: Buckler           |    20 |    14 |    57 |    10 ||   101

Table legend: (Time is in decaauts)
 A = Elapsed time spent in this place.
 B = Non-inter-level travel time spent in this place.
 C = Inter-level travel time spent in this place.
 D = Time resting spent in this place.
 E = Time spent auto-exploring this place.
 F = Levels seen in this place.
 G = Mean time per level.
                   A        B        C        D        E       F      G
               +--------+--------+--------+--------+--------+-----+--------+
         Total |   6364 |   6161 |    203 |    397 |   4094 |   9 |  707.1 |
       Dungeon |   6015 |   5812 |    203 |    397 |   3899 |   8 |  751.9 |
        Temple |    349 |    349 |      0 |      0 |    195 |   1 |  349.0 |
               +--------+--------+--------+--------+--------+-----+--------+

Top non-repeatable levels by time:
     D:5: 1007 daAuts
     D:2: 935 daAuts
     D:3: 908 daAuts
     D:7: 771 daAuts
     D:4: 711 daAuts
     D:6: 588 daAuts
     D:8: 549 daAuts
     D:1: 543 daAuts
  Temple: 349 daAuts
